 Dungeon Crawl Stone Soup version 0.29.1-1-gd02db6906a (webtiles) character file.

Game seed: 8671770109391462213

31132 Zeld the Severer (level 13, -13/178 HPs)
             Began as a Minotaur Berserker on Oct 15, 2022.
             Was an Elder of Trog.
             Mangled by an orc warrior
             ... wielding a +0 war axe
              (17 damage)
             ... on level 2 of the Orcish Mines.
             The game lasted 00:18:29 (24645 turns).

Zeld the Severer (Minotaur Berserker)              Turns: 24645, Time: 00:18:29

Health: -13/178    AC: 25    Str: 25    XL:     13   Next: 24%
Magic:  0/12       EV: 10    Int:  4    God:    Trog [****..]
Gold:   219        SH:  4    Dex: 18    Spells: 12/12 levels left

rFire   . . .      SeeInvis +   n - +7 whip "Viorett" {freeze, *Slow Dex+6}
rCold   . . .      Faith    .   H - +0 buckler
rNeg    . . .      Spirit   +   b - +2 crystal plate armour
rPois   .          Reflect  .   (helmet restricted)
rElec   .          Harm     .   t - scarf {repulsion}
rCorr   +          Rampage  .   x - +0 pair of gloves
Will    .....                   (no boots)
Stlth   ..........              G - amulet of guardian spirit
HPRegen 0.39/turn               d - ring of resist corrosion
MPRegen 0.13/turn               A - ring of see invisible

@: berserking, slowed, repel missiles
A: horns 2, retaliatory headbutt
a: Renounce Religion, Berserk, Trog's Hand, Brothers in Arms


You were on level 2 of the Orcish Mines.
You worshipped Trog.
Trog was greatly pleased with you.
You visited 3 branches of the dungeon, and saw 18 of its levels.

You collected 2148 gold pieces.
You spent 1929 gold pieces at shops.

Inventory:

Hand Weapons
 a - a +0 hand axe
 n - the +7 whip "Viorett" (weapon) {freeze, *Slow Dex+6}
   (You found it on level 3 of the Dungeon)

   It freezes those it strikes, dealing additional cold damage.
   It can also slow down cold-blooded creatures.
   Dex:       It affects your dexterity (+6).
   *Slow:     It may slow you when you take damage.
Armour
 b - a +2 crystal plate armour (worn)
 t - a scarf of repulsion (worn)
 x - a +0 pair of gloves (worn)
 H - a +0 buckler (worn)
Jewellery
 d - a ring of resist corrosion (left hand)
 w - a +6 ring of intelligence
 y - a +6 ring of dexterity
 A - a ring of see invisible (right hand)
 G - an amulet of guardian spirit (around neck)
 K - a ring of protection from fire
 M - an amulet of regeneration
Wands
 f - a wand of flame (19)
 k - a wand of mindburst (5)
 s - a wand of roots (9)
 E - a wand of light (14)
 F - a wand of polymorph (14)
 I - a wand of digging (8)
Scrolls
 e - 5 scrolls of blinking
 g - a scroll of fear {unknown}
 l - a scroll of poison
 m - 6 scrolls of teleportation
 o - 2 scrolls of enchant weapon
 C - a scroll of brand weapon
 D - 3 scrolls of butterflies
 N - a scroll of identify
Potions
 h - 5 potions of curing
 i - 3 potions of might
 j - a potion of resistance
 p - a potion of heal wounds {unknown}
 q - 2 potions of lignification {unknown}
 r - 5 potions of attraction {unknown}
 v - 3 potions of flight {unknown}
 z - 2 potions of mutation {unknown}
 B - 2 potions of cancellation {unknown}
 J - a potion of degeneration {unknown}
Miscellaneous
 u - a piece from Xom's chessboard (15/15)
 L - a phial of floods


   Skills:
 + Level 12.8 Fighting
 * Level 17.3 Axes
 + Level 12.5 Armour
 + Level 11.5 Dodging


You had 12 spell levels left.
You didn't know any spells.
Your spell library contained the following spells:

 Spells                   Type           Power      Damage    Failure   Level
 Ensorcelled Hibernation  Hex/Ice        0%         N/A       100%        2
 Spider Form              Tmut/Pois      0%         N/A       100%        3
 Anguish                  Hex/Necr       0%         N/A       100%        4


Dungeon Overview and Level Annotations

Branches:
Dungeon (15/15)            Temple (1/1) D:6            Lair (0/5) D:10
    Orc (2/2) D:10            Elf (0/3) Orc:2        Vaults (0/5) D:14
 Depths (0/4) D:15

Altars:
Ashenzari
Cheibriados
Dithmenos
Elyvilon
Fedhas
Gozag
Hepliaklqana
Kikubaaqudgha
Makhleb
Nemelex Xobeh
Okawaru
Qazlal
Ru
Sif Muna
Trog
Uskayaw
Vehumet
Wu Jian
Xom
Yredelemnul
Zin
The Shining One

Shops:
D:1 [   D:2 *   D:5 =   D:7 *   D:8 ((:   D:10 **   D:11 :   D:12 ?   Orc:2 :

Annotations:
D:6 Blork the orc
D:14 exclusion: ice statue
D:15 exclusion: orange crystal statue


Innate Abilities, Weirdness & Mutations

You have a pair of horns on your head.
You reflexively headbutt those who attack you in melee.


Message History

The orc knight hits you but does no damage.
An orc comes into view. It is wielding a +0 falchion.
An orc wizard comes into view. It is wielding a +0 dagger.
The orc warlord roars a battlecry!
The orcs go into a battle-frenzy!
You hear a shout!
The orc wizard shouts!
You whack the orc knight! You freeze the orc knight.
The orc knight is heavily wounded.
You hear a shout!
The orc knight hits you with a +0 halberd!
* * * LOW HITPOINT WARNING * * *
An orc comes into view. It is wielding a +0 club.
Unknown command.
The orc warlord blocks your attack.
The orc warlord is lightly wounded.
Unknown command.
You hit the orc warlord but do no damage.
The orc warlord is lightly wounded.
The orc knight hits you with a +0 halberd.
* * * LOW HITPOINT WARNING * * *
An ogre comes into view. It is wielding a +0 giant club.
The orc warlord hits you with a +0 long sword.
* * * LOW HITPOINT WARNING * * *
You whack the orc knight! You freeze the orc knight.
Your headbutt misses the orc knight.
The orc knight is heavily wounded.
Unknown command.
Unknown command.
You whack the orc knight! You freeze the orc knight.
You headbutt the orc knight!
You kill the orc knight!
Trog accepts your kill.
The orc warlord hits you with a +0 long sword!
* * * LOW HITPOINT WARNING * * *
The orc warrior hits you but does no damage.
Unknown command.
The orc warrior attacks as you move away!
The orc warrior hits you with a +0 war axe!!
You die...

,......#.#...,,,,,*
......#.....#,**,**
............###### *##
..........Oo..##.###.##
.............)[)......##
............o.##.......#
...............##.....##
.......$....o.#oo[[[###
$............#.)@[<[.#
............#.#.[[...#*
......................#*
..................#....#
....$.................##
.......................#
.................##...##
.................$*....*
......................#*


You could see an orc warlord (strong), an orc warrior (strong), an ogre, an orc
wizard (strong) and 2 orcs.

Vanquished Creatures
  Frances (D:12)
  A stone giant (D:15)
  A hydra (D:11)
  6 centaur warriors
  A boulder beetle (D:12)
  4 two-headed ogres
  An orc high priest (Orc:2)
  Amaemon (D:9)
  Lodul (D:13)
  2 wizards
  2 deep elf pyromancers
  3 orc knights
  4 cyclopes
  2 orc sorcerers (Orc:2)
  3 manticores
  An orange demon (D:9)
  A gargoyle (D:13)
  2 unseen horrors
  Maggie (D:10)
  2 trolls
  2 hornets
  5 slime creatures
  Sigmund (D:5)
  3 shadows
  A spriggan (shapeshifter) (D:14)
  A wyvern (D:6)
  A wraith (D:13)
  3 yaks (D:8)
  A basilisk (D:12)
  A human (D:10)
  A steam dragon (D:8)
  A warg (D:15)
  Menkaure (D:6)
  22 vampire mosquitoes
  A redback (shapeshifter) (D:14)
  2 acid dragons
  2 water moccasins (D:7)
  13 orc warriors
  11 ogres
  3 ice beasts (D:7)
  A black bear (D:6)
  2 sky beasts
  11 centaurs
  4 phantoms
  A necrophage (D:6)
  2 scorpions
  4 troll zombies (D:10)
  3 killer bees (D:7)
  5 howler monkeys
  3 jellies
  6 orc priests
  A hound (D:4)
  A gnoll bouda (D:9)
  5 iguanas
  6 orc wizards
  4 ogre zombies (D:10)
  7 gnolls
  9 adders
  A shadow imp (D:7)
  2 ufetubi
  3 worms
  3 dart slugs
  39 orcs
  7 bats
  11 endoplasms
  A giant cockroach (D:4)
  9 goblins
  11 hobgoblins
  6 jackals (D:2)
  2 quokkas
  7 ball pythons
  A frilled lizard (D:3)
  2 goblin skeletons (D:10)
  3 goblin zombies (D:10)
  2 hobgoblin skeletons (D:10)
  3 hobgoblin zombies (D:10)
  15 kobolds
  4 orc skeletons (D:10)
  11 orc zombies (D:10)
  9 rats
343 creatures vanquished.

Vanquished Creatures (others)
  A jelly (D:8)
  2 orcs (Orc:2)
  10 fungi
  30 plants (D:1)
  10 toadstools (D:4)
53 creatures vanquished.

Grand Total: 396 creatures vanquished

Notes
Turn   | Place    | Note
-------+----------+-------------------------------------------
     0 | D:1      | Zeld the Minotaur Berserker began the quest for the Orb.
     0 | D:1      | Reached XP level 1. HP: 19/19 MP: 0/0
   163 | D:1      | Reached skill level 4 in Axes
   163 | D:1      | Reached XP level 2. HP: 21/27 MP: 1/1
   253 | D:1      | Found Japuuru's Armour Shoppe.
   382 | D:1      | Found a faded altar of an unknown god.
   668 | D:1      | Reached XP level 3. HP: 33/33 MP: 2/2
  1579 | D:2      | Found Duiq's General Store.
  1585 | D:2      | Bought a scroll of identify for 26 gold pieces
  1704 | D:2      | Reached ** piety under Trog
  1949 | D:2      | Reached XP level 4. HP: 33/40 MP: 3/3
  2867 | D:3      | Found a snail-covered altar of Cheibriados.
  2869 | D:3      | Found a sparkling altar of Nemelex Xobeh.
  2871 | D:3      | Found a glowing silver altar of Zin.
  2871 | D:3      | Found a white marble altar of Elyvilon.
  2872 | D:3      | Found an ancient bone altar of Kikubaaqudgha.
  2872 | D:3      | Found an opulent altar of Gozag.
  2872 | D:3      | Found a broken altar of Ashenzari.
  3005 | D:3      | Reached skill level 5 in Axes
  3334 | D:3      | Reached XP level 5. HP: 28/47 MP: 4/4
  3846 | D:3      | Identified the +7 whip "Viorett" {freeze, *Slow Dex+6}
  4164 | D:4      | Found a glowing golden altar of the Shining One.
  4189 | D:4      | Reached *** piety under Trog
  4280 | D:4      | Noticed an orc warrior
  4291 | D:4      | Killed an orc warrior
  4292 | D:4      | Reached skill level 5 in Fighting
  4292 | D:4      | Reached skill level 6 in Axes
  4292 | D:4      | Reached XP level 6. HP: 34/56 MP: 5/5
  5322 | D:5      | Entered Level 5 of the Dungeon
  5404 | D:5      | Reached XP level 7. HP: 61/61 MP: 6/6
  5592 | D:5      | Reached skill level 7 in Axes
  5820 | D:5      | Found Azurup's Jewellery Boutique.
  5823 | D:5      | Bought a ring of see invisible for 210 gold pieces
  5882 | D:5      | Noticed Sigmund
  5898 | D:5      | Killed Sigmund
  5899 | D:5      | Reached skill level 5 in Armour
  6620 | D:6      | Noticed Menkaure
  6623 | D:6      | Killed Menkaure
  6624 | D:6      | Reached skill level 8 in Axes
  6624 | D:6      | Reached skill level 5 in Dodging
  6624 | D:6      | Reached XP level 8. HP: 37/70 MP: 7/7
  6808 | D:6      | Found a blossoming altar of Fedhas.
  6808 | D:6      | Found a sacrificial altar of Ru.
  7281 | D:6      | Reached **** piety under Trog
  7345 | D:6      | Found a staircase to the Ecumenical Temple.
  7356 | Temple   | Entered the Ecumenical Temple
  7542 | D:6      | Noticed Blork the orc
  7550 | D:6      | Found a shimmering blue altar of Sif Muna.
  7613 | D:6      | Reached skill level 9 in Axes
  7880 | D:6      | Identified the +2 ring mail "Felluxko" {Rampage Fly rN+
                  | Dex-3}
  8156 | D:7      | Reached XP level 9. HP: 76/79 MP: 8/8
  8409 | D:7      | Reached skill level 10 in Axes
  8657 | D:7      | Paralysed by a hornet for 2 turns
  9109 | D:7      | Found Istuntan's Serpentskin Sales.
  9589 | D:8      | Found Lyahux's Book Shoppe.
  9645 | D:8      | Found Wifotuud's Weapon Shop.
  9699 | D:8      | Reached skill level 11 in Axes
  9970 | D:8      | Found Nineppu's Weapon Emporium.
  9989 | D:8      | Found Mill's Weapon Shop.
 10471 | D:9      | Noticed Amaemon
 10471 | D:9      | Noticed an orange demon
 10486 | D:10     | Entered Level 10 of the Dungeon
 10486 | D:10     | Noticed Sonja
 10492 | D:10     | Found a staircase to the Orcish Mines.
 11146 | D:9      | Found an ornate altar of the Wu Jian Council.
 11204 | D:9      | Killed an orange demon
 11205 | D:9      | Reached XP level 10. HP: 90/90 MP: 9/9
 11711 | D:9      | Found an ornate altar of the Wu Jian Council.
 11888 | D:9      | Noticed a two-headed ogre
 11921 | D:9      | Killed a two-headed ogre
 11926 | D:10     | Found a hide-covered altar of Uskayaw.
 12103 | D:10     | Reached skill level 12 in Axes
 12137 | D:10     | Found Beyxashe's Specific Store.
 12215 | D:10     | Found Ceiq Zat's General Store.
 12220 | D:10     | Bought a wand of digging (5) for 252 gold pieces
 12663 | D:9      | Killed Amaemon
 13120 | D:9      | Found an ornate altar of the Wu Jian Council.
 13895 | D:10     | Noticed Sonja
 13895 | D:10     | Sonja changed into Sonja the human
 13901 | D:10     | Killed Sonja the human
 14086 | D:10     | Paralysed by a hornet for 3 turns
 14352 | D:10     | Found a hazy altar of Hepliaklqana.
 14435 | D:10     | Noticed Maggie
 14451 | D:10     | Killed Maggie
 14452 | D:10     | Reached skill level 13 in Axes
 14674 | D:10     | Noticed a two-headed ogre
 14682 | D:10     | Killed a two-headed ogre
 14822 | D:10     | Found a staircase to the Lair.
 15033 | D:11     | Reached XP level 11. HP: 91/99 MP: 10/10
 15340 | D:11     | Reached skill level 10 in Fighting
 15632 | D:11     | Noticed a five-headed hydra
 15651 | D:11     | Killed a five-headed hydra
 15910 | D:11     | Found Kustrix's Book Boutique.
 16124 | D:12     | Found Ramapiaxt's Magic Scroll Shoppe.
 16298 | D:12     | Bought a scroll of butterflies for 68 gold pieces
 16298 | D:12     | Bought a scroll of identify for 34 gold pieces
 16298 | D:12     | Bought a scroll of identify for 34 gold pieces
 16298 | D:12     | Bought a scroll of identify for 34 gold pieces
 16298 | D:12     | Bought a scroll of identify for 34 gold pieces
 16371 | D:12     | Noticed Frances
 16382 | D:12     | Noticed a soul eater
 16392 | D:12     | Killed Frances
 16393 | D:12     | Reached skill level 14 in Axes
 16393 | D:12     | Reached skill level 10 in Armour
 16852 | D:12     | Noticed a two-headed ogre
 16861 | D:12     | Killed a two-headed ogre
 17213 | D:12     | Noticed a boulder beetle
 17230 | D:12     | HP: 1/151 [boulder beetle (10)]
 17231 | D:12     | Killed a boulder beetle
 18134 | D:13     | Noticed Lodul
 18475 | D:13     | Killed Lodul
 18707 | D:13     | Reached skill level 15 in Axes
 18736 | D:13     | Reached skill level 10 in Dodging
 18750 | D:13     | Reached XP level 12. HP: 81/110 MP: 9/11
 19336 | D:13     | Identified a scroll of acquirement
 19338 | D:13     | Acquired 781 gold pieces
 19671 | D:1      | Bought a +1 crystal plate armour for 957 gold pieces
 20118 | D:12     | Bought a scroll of magic mapping for 127 gold pieces
 20118 | D:12     | Bought a scroll of teleportation for 51 gold pieces
 20207 | D:12     | Bought 2 scrolls of teleportation for 102 gold pieces
 20261 | D:14     | Identified the +0 leather armour of Appeqog {Str+5}
 20330 | D:14     | Noticed a centaur warrior
 20331 | D:14     | Found an opulent altar of Gozag.
 20348 | D:14     | Killed a centaur warrior
 20683 | D:14     | Noticed a two-headed ogre
 20687 | D:14     | Killed a two-headed ogre
 20737 | D:14     | Found a gate to the Vaults.
 21069 | D:14     | Noticed a centaur warrior
 21077 | D:14     | Killed a centaur warrior
 21570 | D:15     | Entered Level 15 of the Dungeon
 21579 | D:15     | Noticed a centaur warrior
 21687 | D:15     | Killed a centaur warrior
 21688 | D:15     | Reached skill level 16 in Axes
 22366 | D:15     | Found a staircase to the Depths.
 22564 | D:15     | Noticed a stone giant
 22577 | D:15     | Killed a stone giant
 22814 | D:15     | Noticed a centaur warrior
 22818 | D:15     | Noticed a centaur warrior
 22823 | D:15     | Killed a centaur warrior
 22836 | D:15     | Killed a centaur warrior
 23212 | D:15     | Reached XP level 13. HP: 119/119 MP: 12/12
 23566 | D:15     | Found a glowing golden altar of the Shining One.
 23987 | Orc:1    | Entered Level 1 of the Orcish Mines
 24009 | Orc:1    | Reached skill level 17 in Axes
 24049 | Orc:1    | Found a burning altar of Makhleb.
 24222 | Orc:2    | Entered Level 2 of the Orcish Mines
 24251 | Orc:2    | Found Ykhlass's Book Shoppe.
 24606 | Orc:2    | Noticed an orc warlord
 24644 | Orc:2    | HP: 4/178 [orc warlord/+0 long sword (12)]
 24645 | Orc:2    | Mangled by an orc warrior

Illustrated notes

Levels and vault maps discovered:
D:1:      eino_arrival_tree_alley, layout_basic, serial_shops, shop,
          ebering_ecumenical_altar_webs, grunt_decor_one_mirror
D:2:      layout_loops_corners, serial_shops, shop, kennysheep_generic_room_15
D:3:      layout_basic, grunt_temple_overflow_open
D:4:      cheibrodos_fertilizer, layout_basic, kennysheep_mini,
          chequers_decorated_corner, minmay_misc_feat_iff,
          minmay_increasing_density
D:5:      layout_basic, serial_shops, shop, chequers_serial_rivers_room_a,
          uniq_sigmund
D:6:      layout_gridville, tgw_sif, amethyst_overflow_temple_binary,
          minmay_temple_entry_proselytizer, uniq_menkaure
D:7:      layout_gridville, guppyfry_shop_venom
D:8:      layout_loops_ring, serial_shops, nicolae_shop_bloodbath_and_beyond,
          nicolae_lakefront_shop, nicolae_stop_n_shop_1,
          nicolae_shop_temple_entry_statues_fountains
D:9:      layout_gridville, nicolae_wu_jian_immortal_techniques, uniq_amaemon
D:10:     layout_irregular_city, nzn_hepliaklqana_mist_gate, lemuel_tele_altar,
          lair_entry_dummy, zombieorc2_lemuel, nicolae_specific_store,
          uniq_maggie, uniq_sonja
D:11:     layout_loops_ring, serial_shops, nicolae_square_shop, serial_glass,
          glass_columns_b, glass_columns_c
D:12:     layout_roguey, serial_shops, nicolae_diamond_shop, uniq_frances
D:13:     layout_basic, uniq_lodul
D:14:     layout_stronghold, david_vaults_4, grunt_gozag_breadcrumbs,
          dreamdust_wishing_well, corexii_corridor_pit, minivault_15
D:15:     grunt_enter_depths_giant_problem, layout_irregular_city,
          minmay_misc_feat_doors, minivault_16, nicolae_tso_swordbearing_angel
Temple:   nicolae_temple_ecumenical_triangle
Orc:1:    layout_diamond_mine, bloody_makhleb, uniq_jorgrun
Orc:2:    grunt_orc_gardens, layout_caves, grunt_orc_garden, grunt_orc_garden,
          grunt_orc_garden, grunt_orc_garden, gauntlet_entry_generic,
          sword_in_stone

Skill      XL: |  1  2  3  4  5  6  7  8  9 10 11 12 13 |
---------------+----------------------------------------+-----
Axes           | 4 5 6 8 9 11 13 15 16 17 | 17.3
Fighting       | 4 5 6 7 8 9 11 12 | 12.8
Armour         | 3 4 5 6 8 9 10 12 | 12.5
Dodging        | 3 4 5 6 7 8 10 11 | 11.5

Action                   |  1- 3 |  4- 6 |  7- 9 | 10-12 | 13-15 || total
-------------------------+-------+-------+-------+-------+-------++-------
Melee: Hand axe          |   112 |    54 |       |       |       ||   166
       Headbutt          |    15 |    19 |    51 |   143 |    27 ||   255
       Punch             |       |     1 |       |       |       ||     1
       Whip              |       |    56 |   190 |   527 |   102 ||   875
Invok: Berserk           |       |     1 |     4 |    12 |     4 ||    21
       Trog's Hand       |       |       |     1 |       |       ||     1
Evoke: Wand              |       |       |       |     2 |       ||     2
  Use: Scroll            |       |       |       |    19 |     1 ||    20
Armor: Animal skin       |    21 |    12 |       |       |       ||    33
       Plate armour      |       |    19 |    93 |   174 |       ||   286
       Crystal plate arm |       |       |       |   155 |    83 ||   238
Dodge: Dodged            |    79 |    76 |    76 |   278 |    54 ||   563
       Repelled          |       |       |     2 |     3 |     2 ||     7
Block: Buckler           |       |       |       |   108 |    21 ||   129
